AoeStats
← Olfrombox

Black Forest

507337327Analyzed
2v2 RM · 14d ago on Sep 17, 2026· 58m 28s· 4 players
Game mode
Random Map
Map size
Medium (4 player)
Population
200
Speed
Normal
Resources
Standard
Victory
Conquest
Starting age
Dark Age
Ending age
Imperial Age
RankedLock teamsTeams togetherTeam positionsShared explorationLock speedFull tech treeHidden civsTurbo modeCheats
Victory
Defeat
🇬🇧 Persians · United Kingdom
552
+10
🇮🇹 Persians · Italy
547
+10
🇹🇷 Turks · Türkiye
462
-11
🇹🇷 Turks · Türkiye
374
-9
SunshinePuma83
15:04 Feudal Age
16:20 Wheelbarrow
15:36 Double-Bit Axe
16:01 Horse Collar
28:09 Castle Age
28:52 Husbandry
29:03 Bloodlines
29:21 Hand Cart
29:51 Heavy Plow
30:37 Stone Mining
31:59 Bow Saw
32:18 Gold Mining
35:49 Ballistics
35:54 Fletching
38:18 Sipahi
44:01 Imperial Age
43:06 Crossbowman
43:54 Thumb Ring
44:23 Bodkin Arrow
47:35 Heavy Scorpion
49:04 Elite Janissary
49:32 Man-at-Arms
50:13 Squires
49:59 Arson
51:25 Gold Shaft Mining
51:28 Long Swordsman
54:28 Two-Handed Swordsman
Sake
17:57 Feudal Age
19:15 Double-Bit Axe
19:34 Horse Collar
21:54 Wheelbarrow
22:09 Gold Mining
29:08 Castle Age
31:16 Hand Cart
37:27 Heated Shot
37:58 Ballistics
37:49 Masonry
37:53 Forging
37:34 Fletching
37:45 Scale Mail Armor
38:19 Stone Mining
43:31 Imperial Age
42:04 Coinage
41:42 Heavy Plow
43:39 Town Watch
44:56 Bow Saw
45:41 Town Patrol
45:18 Elite Janissary
47:03 Husbandry
46:24 Cavalier
49:53 Iron Casting
49:14 Bodkin Arrow
49:35 Chain Mail Armor
49:21 Padded Archer Armor
49:28 Scale Barding Armor
49:27 Heavy Camel Rider
50:37 Squires
54:13 Guilds
57:21 Two-Man Saw
58:41 Bracer
Olfrombox
11:43 Feudal Age
20:11 Castle Age
25:46 Caravan
32:29 Imperial Age
36:33 Elite War Elephant
38:52 Wheelbarrow
38:42 Scale Barding Armor
38:48 Forging
40:27 Hand Cart
41:16 Heavy Scorpion
47:01 Chain Barding Armor
47:17 Iron Casting
49:57 Plate Barding Armor
50:24 Blast Furnace
49:50 Bloodlines
49:41 Husbandry
58:24 Spies/Treason
patolo9393
11:09 Feudal Age
12:48 Wheelbarrow
12:06 Double-Bit Axe
18:05 Horse Collar
23:27 Gold Mining
25:45 Castle Age
26:53 Hand Cart
26:41 Heavy Plow
30:53 Gold Shaft Mining
34:37 Imperial Age
33:37 Forging
33:32 Scale Barding Armor
35:17 Conscription
35:37 Crop Rotation
41:49 Chain Barding Armor
42:52 Iron Casting
45:56 Chemistry
45:06 Elite War Elephant
46:28 Plate Barding Armor
47:34 Bow Saw
49:13 Blast Furnace
48:28 Caravan
49:58 Husbandry
50:08 Bloodlines
Connection lost

Rejoining the realm…

Still unreachable

The connection could not be restored.

Session expired

The server has moved on; the page needs a fresh start.